 Dungeon Sprint DCSS version 0.28.0 (webtiles) character file.

Game seed: 3681097764775386033

3 rocky1 the Shield-Bearer (level 1, -4/19 HPs)
             Began as a Minotaur Fighter on Feb 10, 2022.
             Slain by a human (5 damage)
             ... in the Dungeon (Sprint III: "The Ten Rune Challenge").
             The game lasted 00:00:19 (105 turns).

rocky1 the Shield-Bearer (Minotaur Fighter)          Turns: 105, Time: 00:00:20

Health: -4/19      AC:  6    Str: 20    XL:     1   Next: 41%
Magic:  0/0        EV:  9    Int:  5    God:
Gold:   0          SH:  4    Dex:  9    Spells: 0/0 levels left

rFire   . . .      SeeInvis .   a - +0 long sword
rCold   . . .      Faith    .   c - +0 buckler
rNeg    . . .      Spirit   .   b - +0 scale mail
rPois   .          Reflect  .   (helmet restricted)
rElec   .          Harm     .   (no cloak)
rCorr   .          Rampage  .   (no gloves)
Will    .....      NoTele   +   (no boots)
Stlth   ..........              (no amulet)
HPRegen 0.06/turn               (no ring)
MPRegen 0.07/turn               (no ring)

@: no status effects
A: horns 2, retaliatory headbutt
a: no special abilities


You were in the Dungeon.
You visited 1 branch

Inventory:

Hand Weapons
 a - a +0 long sword (weapon)
Armour
 b - a +0 scale mail (worn)
 c - a +0 buckler (worn)
Scrolls
 j - a scroll of blinking
Potions
 d - a potion of might
 e - a potion of curing
 f - a potion of heal wounds
 g - a potion of haste
 h - 2 potions of magic
 i - a potion of berserk rage
 k - a potion of degeneration {unknown}
 l - a potion of attraction {unknown}


   Skills:
 - Level 3.6 Fighting
 + Level 3.5 Long Blades
 - Level 3.6 Armour
 + Level 4.4 Shields


You couldn't memorise any spells.
You didn't know any spells.
Your spell library was empty.

Dungeon Overview and Level Annotations

Branches:
Dungeon (1/1)

Altars:


Innate Abilities, Weirdness & Mutations

You have a pair of horns on your head.
You reflexively headbutt those who attack you in melee.


Message History

Your Long Blades skill increases to level 3!
Your Shields skill increases to level 4!
No target in view!
You start resting.
HP restored.
k - a grey potion You open the door.
A rat comes into view.
A rat comes into view.
Found a viscous yellow potion.
The rat barely misses you.
There is an open door here.
You closely miss the rat. You headbutt the rat.
You kill the rat!
You hit the rat.
You kill the rat!
You see here a rat corpse.
l - a viscous yellow potion As you open the door, it creaks loudly!
There is an open door here.
A human comes into view.
The human shouts!
You hit the human but do no damage. Your headbutt misses the human.
The human hits you!
You miss the human. You headbutt the human!
The human is moderately wounded.
The human hits you. x2
* * * LOW HITPOINT WARNING * * *
You slash the human!
The human is heavily wounded.
The human closely misses you.
You closely miss the human.
The human is heavily wounded.
You block the human's attack.
You closely miss the human. Your headbutt misses the human.
The human is heavily wounded.
The human misses you.
You hit the human but do no damage. You headbutt the human.
The human is heavily wounded.
The human hits you.
You die...

▓.....#
▓.....#...≈≈♣. ..
▓.....#..≈≈≈≈♣♣..
▓####'#..≈≈≈≈≈≈♣♣.
▓...†.#.≈≈≈≈≈≈....
▓.....#.≈≈≈≈≈.....
▓.....#.≈≈≈.......
▓'#####...........
▓...@p............
▓▓▓▓▓▓▓▓▓▓▓▓▓▓▓▓▓▓


You could see a human.

Vanquished Creatures
  An endoplasm (D)
  3 rats (D)
4 creatures vanquished.

Notes
Turn   | Place    | Note
-------+----------+-------------------------------------------
     0 | D        | rocky1 the Minotaur Fighter began the quest for the Orb.
     0 | D        | Reached XP level 1. HP: 19/19 MP: 0/0
     8 | D        | Reached skill level 4 in Shields
   105 | D        | Slain by a human

Illustrated notes

Levels and vault maps discovered:
D:        dungeon_sprint_mu [sprint_mu_entry_forest, sprint_mu_temple_rooms,
          sprint_mu_d1_spiders, sprint_mu_d2_genie, sprint_mu_d3_branching,
          sprint_mu_orc_legion, sprint_mu_elf_gauntlet, sprint_mu_hive_nellie,
          sprint_mu_lair_fedhas, sprint_mu_vaults_butterflies,
          sprint_mu_slime_circle, sprint_mu_swamp_cave, sprint_mu_snake_twists,
          sprint_mu_blade_basic, sprint_mu_crypt_chambers,
          sprint_mu_tomb_spiral, sprint_mu_vestibule_basic,
          sprint_mu_gehenna_hellfire, sprint_mu_dis_giant,
          sprint_mu_tartarus_statrot, sprint_mu_cocytus_islands, sprint_mu_zot1]

Skill      XL: |  1 |
---------------+----+-----
Long Blades    | 3 |  3.5
Shields        | 4 |  4.4
Fighting       | |  3.6
Armour         | |  3.6

Action                   || total
-------------------------++-------
Melee: Long sword        ||    12
       Headbutt          ||     3
Armor: Scale mail        ||     1
Dodge: Dodged            ||     5
Block: Buckler           ||     1
